TOP OF THE 1ST |
Seattle Rainiers batting - Pitching for Salem Sledgehammers : RHP Tony Zamora
|
Pitching: RHP Tony Zamora
|
|
Batting: LHB Pedro Camacho
|
0-0: Called Strike 0-1: Ball 1-1: Fly out, F9 (Flyball, 9D)
|
Batting: RHB Carl Curry
|
0-0: Ball 1-0: Foul Ball, location: 2F 1-1: Ground out 6-3 (Groundball, 6M)
|
Batting: RHB Jesús Ortíz
|
0-0: Ball 1-0: Ball 2-0: SINGLE (Line Drive, 56)
|
Batting: RHB Pablo Hernández
|
0-0: Ball 1-0: Called Strike 1-1: Ball 2-1: Fly out, F4 (Popup, 4D)
|
Top of the 1st over - 0 runs, 1 hit, 0 errors, 1 left on base; Seattle 0 - Salem 0 |
BOTTOM OF THE 1ST |
Salem Sledgehammers batting - Pitching for Seattle Rainiers : RHP John Ashe
|
Pitching: RHP John Ashe
|
|
Batting: RHB Ben Simpson
|
0-0: Ball 1-0: Ball 2-0: Called Strike 2-1: Ground out 6-3 (Groundball, 6M)
|
Batting: LHB Wes Britton
|
0-0: Ball 1-0: Ball 2-0: Called Strike 2-1: Called Strike 2-2: Ground out 5-3 (Groundball, 56)
|
Batting: LHB Marvin Jones
|
0-0: Fly out, F6 (Popup, 6)
|
Bottom of the 1st over - 0 runs, 0 hits, 0 errors, 0 left on base; Seattle 0 - Salem 0 |
TOP OF THE 2ND |
Seattle Rainiers batting - Pitching for Salem Sledgehammers : RHP Tony Zamora
|
Batting: RHB Chad Battle
|
0-0: Foul Ball, location: 2F 0-1: Ball 1-1: Called Strike 1-2: Foul Ball, location: 2F 1-2: Ball 2-2: Ball 3-2: Strikes out looking
|
Batting: LHB Alarico Sloet tot Everlo
|
0-0: Fly out, F7 (Flyball, 78M)
|
Pitching: RHP Lloyd Jones
|
|
Batting: SHB Allen King
|
0-0: Called Strike 0-1: SINGLE (Groundball, 4MD)
|
Batting: RHB David Pérez
|
0-0: Swinging Strike 0-1: Ball Wild Pitch! Allen King to second 1-1: Ground out 6-3 (Groundball, 6D)
|
Top of the 2nd over - 0 runs, 1 hit, 0 errors, 1 left on base; Seattle 0 - Salem 0 |
BOTTOM OF THE 2ND |
Salem Sledgehammers batting - Pitching for Seattle Rainiers : RHP John Ashe
|
Batting: LHB Adrian Neal
|
0-0: Foul Ball, location: 2F 0-1: Swinging Strike 0-2: Ball 1-2: Ball 2-2: SOLO HOME RUN (Flyball, 9LD), Distance : 383 ft
|
Batting: LHB Roberto Flores
|
0-0: Foul Ball, location: 2F 0-1: Fly out, F2 (Popup, 25F)
|
Batting: RHB Roberto Landavazo
|
0-0: Ball 1-0: Ball 2-0: SINGLE (Line Drive, 6MD)
|
Batting: RHB José Sosa
|
0-0: Ball 1-0: Ball 2-0: Called Strike Roberto Landavazo steals 2nd base 2-1: Foul Ball, location: 2F 2-2: Foul Ball, location: 2F 2-2: Strikes out swinging
|
Batting: SHB Honorato Díaz
|
0-0: Called Strike 0-1: Ground out 5-3 (Groundball, 5D)
|
Bottom of the 2nd over - 1 run, 2 hits, 0 errors, 1 left on base; Seattle 0 - Salem 1 |
TOP OF THE 3RD |
Seattle Rainiers batting - Pitching for Salem Sledgehammers : RHP Lloyd Jones
|
Batting: SHB Javier Contreras
|
0-0: Called Strike 0-1: Ground out 4-3 (Groundball, 4S)
|
Batting: LHB Pedro Camacho
|
0-0: SINGLE (Line Drive, 89S)
|
Batting: RHB Carl Curry
|
0-0: Called Strike 0-1: Swinging Strike 0-2: Foul Ball, location: 2F 0-2: Ball 1-2: Ball 2-2: Strikes out looking
|
Batting: RHB Jesús Ortíz
|
0-0: Ball 1-0: Ground out 4-3 (Groundball, 4MS)
|
Top of the 3rd over - 0 runs, 1 hit, 0 errors, 1 left on base; Seattle 0 - Salem 1 |
BOTTOM OF THE 3RD |
Salem Sledgehammers batting - Pitching for Seattle Rainiers : RHP John Ashe
|
Batting: RHB Gary Washington
|
0-0: Ball 1-0: Called Strike 1-1: Ball 2-1: Ground out 5-3 (Groundball, 56S)
|
Batting: RHB Ben Simpson
|
0-0: Foul Ball, location: 2F 0-1: Ball 1-1: Called Strike 1-2: SINGLE (Groundball, 56D)
|
Batting: LHB Wes Britton
|
0-0: Ball Ben Simpson is caught stealing 2nd base 1-0: Called Strike 1-1: Ball 2-1: Swinging Strike 2-2: Strikes out swinging
|
Bottom of the 3rd over - 0 runs, 1 hit, 0 errors, 0 left on base; Seattle 0 - Salem 1 |
TOP OF THE 4TH |
Seattle Rainiers batting - Pitching for Salem Sledgehammers : RHP Lloyd Jones
|
Batting: RHB Pablo Hernández
|
0-0: Ball 1-0: Ball 2-0: Called Strike 2-1: Foul Ball, location: 2F 2-2: Strikes out swinging, 2-3 out at first.
|
Batting: RHB Chad Battle
|
0-0: Called Strike 0-1: Ball 1-1: Swinging Strike 1-2: Strikes out swinging
|
Batting: LHB Alarico Sloet tot Everlo
|
0-0: Ball 1-0: Ball 2-0: Foul Ball, location: 2F 2-1: Ball 3-1: Base on Balls
|
Batting: SHB Allen King
|
0-0: Called Strike 0-1: Ball 1-1: Ball 2-1: Ball Wild Pitch! Alarico Sloet tot Everlo to second 3-1: Called Strike 3-2: Strikes out swinging, 2-3 out at first.
|
Top of the 4th over - 0 runs, 0 hits, 0 errors, 1 left on base; Seattle 0 - Salem 1 |
BOTTOM OF THE 4TH |
Salem Sledgehammers batting - Pitching for Seattle Rainiers : RHP John Ashe
|
Batting: LHB Marvin Jones
|
0-0: Ball 1-0: Ball 2-0: Fly out, F9 (Flyball, 9LS)
|
Batting: LHB Adrian Neal
|
0-0: Foul Ball, location: 2F 0-1: Swinging Strike 0-2: Ball 1-2: Strikes out swinging
|
Batting: LHB Roberto Flores
|
0-0: Called Strike 0-1: Foul Ball, location: 2F 0-2: Fly out, F9 (Flyball, 9S)
|
Bottom of the 4th over - 0 runs, 0 hits, 0 errors, 0 left on base; Seattle 0 - Salem 1 |
TOP OF THE 5TH |
Seattle Rainiers batting - Pitching for Salem Sledgehammers : RHP Lloyd Jones
|
Batting: RHB David Pérez
|
0-0: Called Strike 0-1: Called Strike 0-2: Ball 1-2: Hit by Pitch
|
Batting: SHB Javier Contreras
|
0-0: Hit by Pitch David Pérez to second
|
Batting: LHB Pedro Camacho
|
0-0: Ball 1-0: Called Strike 1-1: Swinging Strike 1-2: Foul Ball, location: 2F 1-2: Ball 2-2: Ball 3-2: Base on Balls David Pérez to third Javier Contreras to second
|
Batting: RHB Carl Curry
|
0-0: Ball 1-0: Swinging Strike 1-1: Ball 2-1: Ball 3-1: Base on Balls David Pérez scores Javier Contreras to third Pedro Camacho to second
|
Batting: RHB Jesús Ortíz
|
0-0: Ball 1-0: Foul Ball, location: 2F 1-1: Ball 2-1: Foul Ball, location: 2F 2-2: Foul Ball, location: 2F 2-2: Foul Ball, location: 2F 2-2: Strikes out swinging
|
Batting: RHB Pablo Hernández
|
0-0: Ball 1-0: Foul Ball, location: 2F 1-1: Grounds into fielders choice 3-2 (Groundball, 3L) Pedro Camacho to third Carl Curry to second
|
Batting: RHB Chad Battle
|
0-0: Fly out, F7 (Line Drive, 7D)
|
Top of the 5th over - 1 run, 0 hits, 0 errors, 3 left on base; Seattle 1 - Salem 1 |
BOTTOM OF THE 5TH |
Salem Sledgehammers batting - Pitching for Seattle Rainiers : RHP John Ashe
|
Batting: RHB Roberto Landavazo
|
0-0: Swinging Strike 0-1: Ball 1-1: Swinging Strike 1-2: Strikes out swinging
|
Batting: RHB José Sosa
|
0-0: Ball 1-0: Ball 2-0: Called Strike 2-1: Called Strike 2-2: Ground out 5-3 (Groundball, 56)
|
Batting: SHB Honorato Díaz
|
0-0: Called Strike 0-1: Foul Ball, location: 2F 0-2: Ball 1-2: Ball 2-2: Strikes out looking
|
Bottom of the 5th over - 0 runs, 0 hits, 0 errors, 0 left on base; Seattle 1 - Salem 1 |
TOP OF THE 6TH |
Seattle Rainiers batting - Pitching for Salem Sledgehammers : RHP Lloyd Jones
|
Batting: LHB Alarico Sloet tot Everlo
|
0-0: Called Strike 0-1: Ball 1-1: Ball 2-1: Swinging Strike 2-2: Strikes out looking
|
Batting: SHB Allen King
|
0-0: Ball 1-0: Ball 2-0: Ball 3-0: Called Strike 3-1: Ground out U3 (Groundball, 3L)
|
Pitching: RHP Luis Rosado
|
|
Batting: RHB David Pérez
|
0-0: Ball 1-0: Called Strike 1-1: Foul Ball, location: 2F 1-2: Strikes out looking
|
Top of the 6th over - 0 runs, 0 hits, 0 errors, 0 left on base; Seattle 1 - Salem 1 |
BOTTOM OF THE 6TH |
Salem Sledgehammers batting - Pitching for Seattle Rainiers : RHP John Ashe
|
Batting: RHB Gary Washington
|
0-0: Ground out 5-3 (Groundball, 56S)
|
Batting: RHB Ben Simpson
|
0-0: Swinging Strike 0-1: Ground out 5-3 (Groundball, 56)
|
Batting: LHB Wes Britton
|
0-0: Ball 1-0: SINGLE (Groundball, 6M) (infield hit)
|
Batting: LHB Marvin Jones
|
0-0: Ball Wes Britton is caught stealing 2nd base
|
Bottom of the 6th over - 0 runs, 1 hit, 0 errors, 0 left on base; Seattle 1 - Salem 1 |
TOP OF THE 7TH |
Seattle Rainiers batting - Pitching for Salem Sledgehammers : RHP Luis Rosado
|
Pinch Hitting: LHB Darren Cook
|
0-0: Ball 1-0: Ball 2-0: Ball 3-0: Base on Balls
|
Batting: LHB Pedro Camacho
|
0-0: Sac Bunt - play at first, batter OUT! 5-4 Darren Cook to second
|
Batting: RHB Carl Curry
|
0-0: Foul Ball, location: 2F 0-1: Foul Ball, location: 2F 0-2: Ball 1-2: Ball 2-2: Ball 3-2: Strikes out looking
|
Batting: RHB Jesús Ortíz
|
0-0: Intentional Walk
|
Batting: RHB Pablo Hernández
|
0-0: SINGLE (Line Drive, 7S) Darren Cook to third Jesús Ortíz to second Runner from 3rd tries for Home, SAFE, throw made home
|
Batting: RHB Chad Battle
|
0-0: Ball 1-0: Ball 2-0: Foul Ball, location: 2F 2-1: 3-RUN HOME RUN (Flyball, 78XD), Distance : 414 ft
|
Pitching: RHP Dave Wilson
|
|
Batting: LHB Alarico Sloet tot Everlo
|
0-0: Ball 1-0: TRIPLE (Flyball, 89XD)
|
Batting: SHB Allen King
|
0-0: Intentional Walk
|
Batting: RHB David Pérez
|
0-0: Fly out, F9 (Flyball, 9D)
|
Top of the 7th over - 4 runs, 3 hits, 0 errors, 2 left on base; Seattle 5 - Salem 1 |
BOTTOM OF THE 7TH |
Salem Sledgehammers batting - Pitching for Seattle Rainiers : RHP John Ashe
|
Now at 2B: Darren Cook
|
|
Batting: LHB Marvin Jones
|
0-0: Called Strike 0-1: Fly out, F7 (Flyball, 7S)
|
Batting: LHB Adrian Neal
|
0-0: Ball 1-0: Ball 2-0: Called Strike 2-1: Foul Ball, location: 2F 2-2: Ball 3-2: Foul Ball, location: 2F 3-2: Strikes out swinging
|
Batting: LHB Roberto Flores
|
0-0: Ball 1-0: SINGLE (Flyball, 89S)
|
Batting: RHB Roberto Landavazo
|
0-0: Ball 1-0: Foul Ball, location: 2F 1-1: Called Strike 1-2: Foul Ball, location: 2F 1-2: Strikes out swinging
|
Bottom of the 7th over - 0 runs, 1 hit, 0 errors, 1 left on base; Seattle 5 - Salem 1 |
TOP OF THE 8TH |
Seattle Rainiers batting - Pitching for Salem Sledgehammers : RHP Dave Wilson
|
Batting: LHB Darren Cook
|
0-0: Called Strike 0-1: Swinging Strike 0-2: Foul Ball, location: 2F 0-2: Strikes out swinging
|
Batting: LHB Pedro Camacho
|
0-0: Foul Ball, location: 2F 0-1: Fly out, F9 (Flyball, 9)
|
Batting: RHB Carl Curry
|
0-0: Ball 1-0: DOUBLE (Flyball, 78D)
|
Batting: RHB Jesús Ortíz
|
0-0: Intentional Walk
|
Batting: RHB Pablo Hernández
|
0-0: Ball 1-0: Swinging Strike 1-1: Swinging Strike 1-2: Strikes out swinging
|
Top of the 8th over - 0 runs, 1 hit, 0 errors, 2 left on base; Seattle 5 - Salem 1 |
BOTTOM OF THE 8TH |
Salem Sledgehammers batting - Pitching for Seattle Rainiers : RHP John Ashe
|
Batting: RHB José Sosa
|
0-0: Fly out, F9 (Flyball, 9LMF)
|
Batting: SHB Honorato Díaz
|
0-0: Ball 1-0: Ball 2-0: Called Strike 2-1: Swinging Strike 2-2: Strikes out swinging
|
Batting: RHB Gary Washington
|
0-0: Swinging Strike 0-1: Ball 1-1: Foul Ball, location: 2F 1-2: Strikes out swinging
|
Bottom of the 8th over - 0 runs, 0 hits, 0 errors, 0 left on base; Seattle 5 - Salem 1 |
TOP OF THE 9TH |
Seattle Rainiers batting - Pitching for Salem Sledgehammers : RHP Dave Wilson
|
Pitching: RHP Clay White
|
|
Batting: RHB Chad Battle
|
0-0: Called Strike 0-1: Ball 1-1: SINGLE (Line Drive, 8RS)
|
Batting: LHB Alarico Sloet tot Everlo
|
0-0: Ball 1-0: Fielders Choice at 2nd, 1-6 (Groundball, 13)
|
Batting: SHB Allen King
|
0-0: Ball 1-0: Ball 2-0: 2-RUN HOME RUN (Flyball, 89XD), Distance : 420 ft
|
Batting: RHB David Pérez
|
0-0: Ball 1-0: Ball 2-0: Swinging Strike 2-1: Called Strike 2-2: Ground out U3 (Groundball, 34S)
|
Batting: LHB Darren Cook
|
0-0: Called Strike 0-1: Fly out, F9 (Flyball, 89M)
|
Top of the 9th over - 2 runs, 2 hits, 0 errors, 0 left on base; Seattle 7 - Salem 1 |
BOTTOM OF THE 9TH |
Salem Sledgehammers batting - Pitching for Seattle Rainiers : RHP John Ashe
|
Now at 1B: Doug Bell
|
|
Now in RF: Ramón Ramírez
|
|
Batting: RHB Ben Simpson
|
0-0: Fly out, F7 (Flyball, 7)
|
Batting: LHB Wes Britton
|
0-0: Swinging Strike 0-1: Foul Ball, location: 2F 0-2: Strikes out swinging
|
Batting: LHB Marvin Jones
|
0-0: Swinging Strike 0-1: Ball 1-1: SINGLE (Groundball, 6MD)
|
Batting: LHB Adrian Neal
|
0-0: Ground out 4-3 (Groundball, 4M)
|
Bottom of the 9th over - 0 runs, 1 hit, 0 errors, 1 left on base; Seattle 7 - Salem 1 |
|